 Dungeon Crawl Stone Soup version 0.20.0-8-g6b59dc7 (webtiles) character file.

435 straycat the Skirmisher (level 6, -8/52 HPs)
             Began as a Vampire Wanderer on May 30, 2017.
             Mangled by Shinoi's ghost (13 damage)
             ... on level 4 of the Dungeon.
             The game lasted 00:20:57 (3865 turns).

straycat the Skirmisher (Vampire Wanderer)          Turns: 3865, Time: 00:20:59

Health: -8/52      AC:  5    Str: 15    XL:     6   Next: 68%
Magic:  6/6        EV: 12    Int: 15    God:
Gold:   182        SH:  0    Dex: 15    Spells: 5/5 levels left

rFire    . . .     SeeInvis +   F - +1 war axe (chop)
rCold    + . .     Gourm    .   (no shield)
rNeg     + + .     Faith    +   r - +0 ring mail
rPois    +         Spirit   .   (no helmet)
rElec    .         Reflect  .   (no cloak)
rCorr    .         Harm     .   (no gloves)
MR       .....                  (no boots)
Stlth    +++.......             A - amulet of faith
Regen    0.1/turn               u - +4 ring of strength
MPRegen  0.1/turn               t - +3 ring of slaying

@: regenerating slowly
A: fangs 3, see invisible, unbreathing
a: Bat Form


You were on level 4 of the Dungeon.
You were thirsty.

You visited 1 branch of the dungeon, and saw 4 of its levels.

You collected 182 gold pieces.

Inventory:

Hand Weapons
 b - a +0 short sword
 o - a +1 mace of crushing
 x - a +0 halberd
 E - a +0 falchion
 F - a +1 war axe of chopping (weapon)
 I - a +2 vampiric dagger
 K - a +0 hunting sling
 L - a +0 rapier
Missiles
 f - 18 bolts
 g - 152 stones (quivered)
 n - 9 poisoned needles
Armour
 i - a +0 leather armour
 r - a +0 ring mail (worn)
 w - a +0 scale mail
 G - a +0 chain mail
Jewellery
 s - a +3 ring of intelligence
 t - a +3 ring of slaying (right hand)
 u - a +4 ring of strength (left hand)
 A - an amulet of faith (around neck)
Scrolls
 c - 3 scrolls of identify {unknown}
 j - 2 scrolls of remove curse {unknown}
 k - 7 scrolls of teleportation {unknown}
 l - a scroll of enchant weapon {unknown}
 m - 2 scrolls of fear {unknown}
 p - 3 scrolls of noise {unknown}
 v - 2 scrolls of enchant armour {unknown}
 y - 5 scrolls of amnesia {unknown}
 B - 2 scrolls of recharging {unknown}
 H - 2 scrolls of fog {unknown}
 M - a scroll of magic mapping {unknown}
Potions
 a - 3 potions of haste
 d - 2 potions of heal wounds {unknown}
 e - 19 potions of blood
 h - a potion of mutation {unknown}
 q - 2 potions of flight {unknown}
 z - 2 potions of lignification {unknown}
 C - a potion of curing
 D - 3 potions of might {unknown}
 J - a potion of ambrosia {unknown}
 N - a potion of brilliance {unknown}
 O - a potion of cancellation {unknown}


   Skills:
 * Level 6.2 Fighting
 * Level 3.2(3.4) Short Blades
 - Level 1.0(2.1) Long Blades
 - Level 1.5 Throwing
 + Level 1.7 Armour
 * Level 3.8 Dodging
 + Level 4.0 Stealth
 - Level 1.1 Unarmed Combat


You had 5 spell levels left.
You didn't know any spells.

Dungeon Overview and Level Annotations

Branches:
Dungeon (4/15)
 Temple: D:4-7

Altars:

Annotations:
D:4 Shinoi's ghost, amateur GrFi


Innate Abilities, Weirdness & Mutations

You heal slowly.
You have razor-sharp teeth.
You have supernaturally acute eyesight. (SInv)
You can survive without breathing.


Message History

Shinoi's ghost is moderately damaged.
Shinoi's ghost completely misses you. Shinoi's ghost barely misses you.
You hit Shinoi's ghost.
You bite Shinoi's ghost, but do no damage.
Shinoi's ghost is moderately damaged.
Shinoi's ghost hits you.
You hit Shinoi's ghost.
Shinoi's ghost is heavily damaged.
Shinoi's ghost hits you! Shinoi's ghost barely misses you.
You hit Shinoi's ghost.
Shinoi's ghost is heavily damaged.
Shinoi's ghost barely misses you.
You hit Shinoi's ghost.
Shinoi's ghost is severely damaged.
Shinoi's ghost misses you. Shinoi's ghost hits you! Shinoi's ghost hits you!
* * * LOW HITPOINT WARNING * * *
There is a stone staircase leading up here.
Shinoi's ghost hits you!
You die...

....##.####.#.#.#.#
.##.##.# #.#.#.#.#
.##.##.. ..#.....#
.##.###########.####
....# #......#
##..###### #.#.##.#
รท........# #.#....#
.#.#.....# # ##...##
#........#
#.#.@...##
##.#.....#
#..W.....# ##......#
###.....## #######
#....## # #.#.## .
#.### #[ #. #.


You could see Shinoi's ghost.

Vanquished Creatures
  An ogre (D:4)
  2 orc wizards (D:3)
  An orc priest (D:3)
  Terence (D:2)
  6 gnolls (D:2)
  7 adders
  3 oozes
  A dart slug (D:1)
  4 leopard geckos
  11 orcs (D:3)
  5 giant cockroaches
  8 goblins
  5 hobgoblins
  13 jackals
  8 kobolds
  2 quokkas (D:4)
  A ball python (D:3)
  5 bats
  7 frilled lizards
  9 rats
100 creatures vanquished.

Notes
Turn   | Place    | Note
-------+----------+-------------------------------------------
     0 | D:1      | straycat the Vampire Wanderer began the quest for the Orb.
     0 | D:1      | straycat set off with: 2 potions of haste, a +0 short sword, a potion of curing, a +0 robe, a potion of blood
     0 | D:1      | Reached XP level 1. HP: 21/21 MP: 1/1
    95 | D:1      | Reached XP level 2. HP: 26/27 MP: 2/2
   267 | D:1      | Reached skill level 1 in Stealth
   444 | D:1      | Reached skill level 1 in Dodging
   463 | D:1      | Reached skill level 1 in Short Blades
   649 | D:1      | Reached XP level 3. HP: 32/33 MP: 3/3
  1216 | D:2      | Noticed Terence
  1238 | D:2      | Reached XP level 4. HP: 15/40 MP: 4/4
  1392 | D:2      | Killed Terence
  1392 | D:2      | Reached skill level 1 in Armour
  1678 | D:2      | Reached XP level 5. HP: 43/46 MP: 5/5
  2971 | D:3      | Reached skill level 6 in Fighting
  2971 | D:3      | Reached XP level 6. HP: 38/52 MP: 6/6
  3850 | D:4      | Noticed Shinoi's ghost (amateur GrFi)
  3865 | D:4      | Mangled by Shinoi's ghost

Skill      XL: |  1  2  3  4  5  6 |
---------------+-------------------+-----
Stealth        | 1 2 3 4 |  4.0
Dodging        | 1 2 3 |  3.8
Short Blades   | 1 2 3 |  3.2
Armour         | 1 |  1.7
Fighting       | 6 |  6.2
Long Blades    | |  1.0
Throwing       | |  1.5
Unarmed Combat | |  1.1

Action                   |  1- 3 |  4- 6 || total
-------------------------+-------+-------++-------
Melee: Short sword       |   110 |    35 ||   145
       Bite              |    10 |    18 ||    28
       Mace              |       |    77 ||    77
       War axe           |       |    58 ||    58
       Punch             |       |     1 ||     1
Throw: Stone             |       |    10 ||    10
  Use: Potion            |       |     6 ||     6
 Stab: Sleeping          |       |     6 ||     6
  Eat: Corpse            |     1 |     1 ||     2
Armor: Robe              |     4 |       ||     4
       Leather armour    |    19 |     5 ||    24
       Ring mail         |       |    47 ||    47
Dodge: Dodged            |    64 |   122 ||   186
